 Dungeon Crawl Stone Soup version 0.20.1-1-g8b1a95d (webtiles) character file.

63 slep the Skirmisher (level 3, -2/29 HPs)
             Began as a Demonspawn Wanderer on Oct 23, 2017.
             Was an Initiate of Cheibriados.
             Slain by Robin
             ... wielding a +2 spear of venom
              (5 damage)
             ... on level 2 of the Dungeon.
             The game lasted 00:09:49 (1319 turns).

slep the Skirmisher (Demonspawn Wanderer)           Turns: 1319, Time: 00:09:52

Health: -2/29      AC:  2    Str: 14    XL:     3   Next: 89%
Magic:  4/4        EV: 11    Int: 12    God:    Cheibriados [......]
Gold:   41         SH:  0    Dex: 15    Spells: 4/4 levels left

rFire    + . .     SeeInvis .   a - +2 shortbow
rCold    . . .     Gourm    +   (shield currently unavailable)
rNeg     . . .     Faith    .   e - +0 robe
rPois    .         Spirit   .   (no helmet)
rElec    .         Reflect  .   (no cloak)
rCorr    .         Harm     .   (no gloves)
MR       .....                  (no boots)
Stlth    +.........             q - amulet of the gourmand
Regen    0.1/turn               (no ring)
MPRegen  0.1/turn               (no ring)

@: lethally poisoned (-2 -> -31), very slow
A: fire resistance 1, flame cloud immunity
a: Bend Time, Renounce Religion


You were on level 2 of the Dungeon.
You worshipped Cheibriados.
Cheibriados was noncommittal.
You were not hungry.

You visited 1 branch of the dungeon, and saw 2 of its levels.

You collected 41 gold pieces.

Inventory:

Hand Weapons
 a - a +2 shortbow (weapon)
 g - a +0 dagger of draining
Missiles
 b - 33 arrows (quivered)
Armour
 e - a +0 robe (worn)
Jewellery
 q - an amulet of the gourmand (around neck)
Scrolls
 c - a scroll of teleportation
 h - a scroll of remove curse {unknown}
 m - a scroll of identify {unknown}
Potions
 i - 2 potions of curing {unknown}
 j - 2 potions of flight {unknown}
 k - a potion of heal wounds {unknown}
 l - a potion of agility {unknown}
 o - a potion of haste
 p - a potion of might {unknown}
Books
 d - the Tome of Feathers

   Spells                             Type                      Level
   a - Shock                          Conjuration/Air              1
   b - Mephitic Cloud                 Conjuration/Poison/Air       3
Comestibles
 f - a bread ration
 n - 2 royal jellies
 r - a meat ration


   Skills:
 + Level 3.5 Fighting
 + Level 3.4 Bows
 + Level 0.1 Dodging
   Level 1.0 Shields
 + Level 1.0 Spellcasting
   Level 2.1 Necromancy
   Level 1.0 Evocations


You had 4 spell levels left.
You didn't know any spells.

Dungeon Overview and Level Annotations

Branches:
Dungeon (2/15)

Altars:
Cheibriados

Annotations:
D:2 Robin


Innate Abilities, Weirdness & Mutations

Your flesh is heat resistant. (rF+)
You are immune to clouds of flame.


Message History

You are lethally poisoned!
Firing (i - inventory):
b - 35 arrows (quivered)
Press: ? - help, Shift-Dir - straight line, f/p - Robin
Aim: Robin, wielding a spear of venom, wearing an animal skin and wearing a helmet (almost dead, fast)
You shoot an arrow.
The arrow hits Robin but does no damage.
Robin is almost dead.
* * * LOW HITPOINT WARNING * * *
You feel sick. Robin hits you but does no damage.
You are more poisoned.
Firing (i - inventory):
b - 34 arrows (quivered)
Press: ? - help, Shift-Dir - straight line, f/p - Robin
Aim: Robin, wielding a spear of venom, wearing an animal skin and wearing a helmet (almost dead, fast)
You shoot an arrow. The arrow hits Robin.
Robin is almost dead.
* * * LOW HITPOINT WARNING * * *
You feel sick. Robin hits you but does no damage.
You are more poisoned.
Robin hits you from afar with a spear of venom.
You die...

#...(.......#...........#
)..#........#...........#
##............##...##.###
............####...#..#
...#....(...## ###.##.##
.###........# #.....##
.###..#.g.### #.##....#
.....g.(g.g(#######..#.##.##
....g.#####.()g)@(##.......#
..... #######.##...###.#
...g #......# .). ####...#
(g #...# . #####


You could see Robin and a goblin.

Vanquished Creatures
  An ooze (D:1)
  A worm (D:2)
  A dart slug (D:1)
  9 bats
  5 giant cockroaches
  11 goblins
  8 hobgoblins
  A quokka (D:1)
  A ball python (D:1)
  3 frilled lizards
  3 kobolds (D:2)
  3 rats (D:1)
47 creatures vanquished.

Notes
Turn   | Place    | Note
-------+----------+-------------------------------------------
     0 | D:1      | slep the Demonspawn Wanderer began the quest for the Orb.
     0 | D:1      | slep set off with: a +2 shortbow, 24 arrows, a scroll of teleportation, the Tome of Feathers, a +0 robe, a bread ration
     0 | D:1      | Reached XP level 1. HP: 18/18 MP: 2/2
    69 | D:1      | Gained mutation: Your flesh is heat resistant. (rF+) [demonic ancestry]
    69 | D:1      | Reached XP level 2. HP: 20/24 MP: 3/3
   554 | D:1      | Gained mutation: You are immune to clouds of flame. [demonic ancestry]
   554 | D:1      | Reached XP level 3. HP: 29/29 MP: 4/4
  1185 | D:2      | Found a snail-covered altar of Cheibriados.
  1197 | D:2      | Became a worshipper of Cheibriados the Contemplative
  1297 | D:2      | Noticed Robin
  1319 | D:2      | Slain by Robin

Skill      XL: |  1  2  3 |
---------------+----------+-----
Bows           | 2 3 |  3.4
Fighting       | |  3.5
Dodging        | |  0.1
Shields        | |  1.0
Spellcasting   | |  1.0
Necromancy     | |  2.1
Evocations     | |  1.0

Action                   || total
-------------------------++-------
 Fire: Shortbow          ||   142
  Eat: Chunk             ||     1
Armor: Robe              ||    13
Dodge: Dodged            ||    38
